 Dungeon Crawl Stone Soup version 0.27.1-1-g398f81649c (webtiles) character file.

Game seed: 17674127144913627354

9491 MisterFreud the Blocker (level 11, -1/89 HPs)
             Began as a Gnoll Fighter on Sept 10, 2021.
             Was a High Priest of Sif Muna.
             Succumbed to a cane toad's poison
             ... on level 2 of the Lair of Beasts.
             The game lasted 00:29:51 (14188 turns).

MisterFreud the Blocker (Gnoll Fighter)            Turns: 14188, Time: 00:29:51

Health: -1/89      AC: 11    Str: 16    XL:     11   Next: 47%
Magic:  11/20      EV: 13    Int: 10    God:    Sif Muna [*****.]
Gold:   524        SH: 13    Dex: 12    Spells: 9/22 levels left

rFire    . . .     SeeInvis +   b - +2 dagger (speed)
rCold    . . .     Faith    .   x - +2 kite shield
rNeg     . . .     Spirit   .   D - +0 steam dragon scales
rPois    .         Reflect  .   (no helmet)
rElec    .         Harm     .   g - +0 cloak
rCorr    +         Rampage  .   u - +0 pair of gloves
Will     .....                  s - +0 pair of boots
Stlth    +++.......             k - amulet of magic regeneration
HPRegen  0.24/turn              r - ring of resist corrosion
MPRegen  0.42/turn              A - ring of see invisible

@: lethally poisoned (-1 -> -16)
A: fangs 1, strong nose, distributed training
a: Renounce Religion, Channel Magic, Forget Spell, Divine Exegesis


You were on level 2 of the Lair of Beasts.
You worshipped Sif Muna.
Sif Muna was extremely pleased with you.
You visited 2 branches of the dungeon, and saw 13 of its levels.

You collected 524 gold pieces.

Inventory:

Hand Weapons
 a - a +3 short sword of holy wrath
 b - a +2 dagger of speed (weapon)
 p - a +0 rapier
Missiles
 m - 24 poisoned darts (quivered)
Armour
 g - a +0 cloak (worn)
 q - a +0 scale mail
 s - a +0 pair of boots (worn)
 u - a +0 pair of gloves (worn)
 x - a +2 kite shield (worn)
 D - +0 steam dragon scales (worn)
Jewellery
 k - an amulet of magic regeneration (around neck)
 r - a ring of resist corrosion (left hand)
 A - a ring of see invisible (right hand)
Wands
 c - a wand of paralysis (12)
 h - a wand of digging (4)
 i - a wand of charming (8)
 t - a wand of flame (3)
 y - a wand of acid (2)
 E - a wand of iceblast (17)
Scrolls
 d - 2 scrolls of vulnerability {unknown}
 e - 2 scrolls of enchant weapon
 o - a scroll of fear
 v - 2 scrolls of torment
 w - 3 scrolls of magic mapping
Potions
 f - 3 potions of lignification
 j - a potion of brilliance {unknown}
 l - 2 potions of magic
 n - a potion of berserk rage {unknown}
 z - a potion of haste
 B - 2 potions of ambrosia
 C - 3 potions of heal wounds


   Skills:
 + Level 9.2 Fighting
 + Level 7.9 Short Blades
 + Level 6.3 Long Blades
 + Level 6.3 Axes
 + Level 6.3 Maces & Flails
 + Level 6.3 Polearms
 + Level 6.3 Staves
 + Level 6.3 Slings
 + Level 6.3 Bows
 + Level 6.3 Crossbows
 + Level 6.3 Throwing
 + Level 9.2 Armour
 + Level 6.3 Dodging
 + Level 6.3 Stealth
 + Level 9.2 Shields
 + Level 6.3 Unarmed Combat
 + Level 6.3 Spellcasting
 + Level 5.2 Conjurations
 + Level 5.2 Hexes
 + Level 5.2 Summonings
 + Level 5.2 Necromancy
 + Level 5.2 Translocations
 + Level 5.2 Transmutations
 + Level 5.2 Fire Magic
 + Level 5.2 Ice Magic
 + Level 5.2 Air Magic
 + Level 5.2 Earth Magic
 + Level 5.2 Poison Magic
 + Level 6.9 Invocations
 + Level 6.3 Evocations


You had 9 spell levels left.
You knew the following spells:

 Your Spells              Type           Power      Damage    Failure   Level
a - Ensorcelled Hibernat  Hex/Ice        26%        N/A       8%          2
b - Tukima's Dance        Hex            13%        N/A       14%         3
c - Mephitic Cloud        Conj/Pois/Air  13%        N/A       14%         3
d - Call Imp              Summ           13%        N/A       8%          2
e - Apportation           Tloc           26%        N/A       4%          1
f - Blink                 Tloc           N/A        N/A       8%          2

Your spell library contained the following spells:

 Spells                   Type           Power      Damage    Failure   Level
 Corona                   Hex            14%        N/A       4%          1
 Magic Dart               Conj           52%        1d5       4%          1
 Summon Small Mammal      Summ           52%        N/A       4%          1
 Sublimation of Blood     Necr           6%         N/A       8%          2
 Call Canine Familiar     Summ           13%        N/A       14%         3
 Ignite Poison            Fire/Tmut/Pois 13%        N/A       14%         3
 Lesser Beckoning         Tloc           6%         N/A       14%         3
 Portal Projectile        Hex/Tloc       26%        N/A       14%         3
 Summon Guardian Golem    Hex/Summ       13%        N/A       14%         3
 Vampiric Draining        Necr           6%         2d6       14%         3
 Cause Fear               Hex            6%         N/A       43%         4
 Leda's Liquefaction      Hex/Erth       6%         N/A       43%         4
 Petrify                  Tmut/Erth      13%        N/A       43%         4
 Bolt of Magma            Conj/Fire/Erth 6%         4d6       80%         5
 Irradiate                Conj/Tmut      6%         3d16      80%         5
 Summon Forest            Summ/Tloc      6%         N/A       80%         5
 Dragon Form              Tmut           6%         N/A       100%        7
 Infestation              Necr           6%         N/A       100%        8
 Dragon's Call            Summ           6%         N/A       100%        9


Dungeon Overview and Level Annotations

Branches:
Dungeon (11/15)            Temple (0/1) D:7            Lair (2/6) D:8
  Swamp: Lair:2-4    Shoals: Lair:2-4     Snake: Lair:2-4    Spider: Lair:2-4
    Orc: D:9-12

Altars:
Cheibriados
Fedhas
Hepliaklqana
Makhleb
Qazlal
Ru
Sif Muna
Trog
Xom
Yredelemnul
The Shining One

Shops:
D:1 :

Annotations:
D:6 Maggie
D:8 3 runed translucent doors, MisterFreud's ghost, novice GnFi; Nanban's ghost, novice DjFE; PeterMcNeter's ghost, novice DjCj; goblinbird's ghost, novice HuFi
D:9 Psyche


Innate Abilities, Weirdness & Mutations

You have very sharp teeth.
Your uncanny sense of smell can sniff out nearby items.
Your experience applies equally to all skills.


Message History

Confirm with . or Enter, or press ? or * to list all spells.
Aiming: Ensorcelled Hibernation (safe; 8% risk of failure)
Press: ? - help, Shift-Dir - straight line, f/p - komodo dragon
Aim: a komodo dragon (chance to affect: 27%)
The komodo dragon easily resists.
The komodo dragon bites you!!
You hear a croak.
Casting: Ensorcelled Hibernation (safe; 8% risk of failure)
Confirm with . or Enter, or press ? or * to list all spells.
Aiming: Ensorcelled Hibernation (safe; 8% risk of failure)
Press: ? - help, Shift-Dir - straight line, f/p - komodo dragon
Aim: a komodo dragon (chance to affect: 27%)
The komodo dragon easily resists.
You block the komodo dragon's attack.
Casting: Ensorcelled Hibernation (safe; 8% risk of failure)
Confirm with . or Enter, or press ? or * to list all spells.
Aiming: Ensorcelled Hibernation (safe; 8% risk of failure)
Press: ? - help, Shift-Dir - straight line, f/p - komodo dragon
Aim: a komodo dragon (chance to affect: 27%)
The komodo dragon easily resists.
The komodo dragon bites you!
* * * LOW HITPOINT WARNING * * *
Unknown command.
Casting: Ensorcelled Hibernation (safe; 8% risk of failure)
Confirm with . or Enter, or press ? or * to list all spells.
Aiming: Ensorcelled Hibernation (safe; 8% risk of failure)
Press: ? - help, Shift-Dir - straight line, f/p - komodo dragon
Aim: a komodo dragon (chance to affect: 27%)
The komodo dragon looks drowsy...
The helpless komodo dragon fails to defend itself.
You perforate the komodo dragon like a sieve!!!
The komodo dragon is severely wounded.
The komodo dragon bites you.
* * * LOW HITPOINT WARNING * * *
The cane toad gives a loud, deep croak!
The cane toad barely misses you.
Found a potion of curing.
The cane toad stings you!!
* * * LOW HITPOINT WARNING * * *
You are lethally poisoned!
The cane toad poisons you!
Found a ring mail.
You die...

..###.#......#
..#รท.<.......#
...#.........#
#..#....#.).##
...#...###...####
...##..###......###
........#....#lF..##
.P......##....##...#
(.........#....#@#.#
.P#.............<...#
....#...#...#P..#....#
....##.#....###........[
............# ## .......
.....##.##.## #^#!###
...## ## ## #.## ##


You could see a cane toad.

Vanquished Creatures
  A black mamba (Lair:1)
  Maurice (D:9)
  A cane toad (Lair:2)
  2 komodo dragons
  A rime drake (Lair:1)
  A queen bee (D:9)
  3 blink frogs (Lair:1)
  2 wraiths (D:9)
  4 wyverns
  9 yaks
  2 steam dragons
  4 basilisks
  Edmund (D:6)
  10 water moccasins
  3 orc warriors
  An ogre (D:5)
  4 wolves (Lair:1)
  A necrophage (D:7)
  3 centaurs
  A kobold brigand (D:7)
  Blork the orc (D:6)
  4 bullfrogs
  3 scorpions
  5 killer bees
  4 wights (D:9)
  2 howler monkeys
  A jelly (D:7)
  3 centaur zombies
  3 hounds
  2 bullfrog skeletons
  2 gnoll shamans
  An orc priest (D:6)
  An iguana (D:7)
  5 orc wizards
  A howler monkey zombie (D:9)
  5 adders
  11 gnolls
  2 shadow imps
  An adder skeleton (D:4)
  4 worms
  A dart slug (D:2)
  22 orcs
  14 endoplasms
  3 giant cockroaches
  10 goblins
  7 hobgoblins
  3 jackals (D:2)
  4 quokkas
  17 ball pythons
  A ball python zombie (D:1)
  4 bats
  A frilled lizard (D:1)
  23 kobolds
  A quokka zombie (D:1)
  8 rats
235 creatures vanquished.

Vanquished Creatures (others)
  A bush (D:8)
  11 fungi
  16 plants
  2 withered plants (D:8)
30 creatures vanquished.

Grand Total: 265 creatures vanquished

Notes
Turn   | Place    | Note
-------+----------+-------------------------------------------
     0 | D:1      | MisterFreud the Gnoll Fighter began the quest for the Orb.
     0 | D:1      | Reached XP level 1. HP: 23/23 MP: 1/1
    70 | D:1      | Reached XP level 2. HP: 12/29 MP: 2/2
   313 | D:1      | Found Exedimp's Book Shoppe.
   330 | D:1      | Found a faded altar of an unknown god.
   339 | D:1      | Became a worshipper of Sif Muna the Loreminder
   339 | D:1      | Reached * piety under Sif Muna
   364 | D:1      | Reached XP level 3. HP: 29/35 MP: 3/3
  1274 | D:2      | Reached skill level 1 in Invocations
  1312 | D:2      | Reached skill level 1 in Long Blades
  1312 | D:2      | Reached skill level 1 in Axes
  1312 | D:2      | Reached skill level 1 in Maces & Flails
  1312 | D:2      | Reached skill level 1 in Polearms
  1312 | D:2      | Reached skill level 1 in Staves
  1312 | D:2      | Reached skill level 1 in Slings
  1312 | D:2      | Reached skill level 1 in Bows
  1312 | D:2      | Reached skill level 1 in Crossbows
  1312 | D:2      | Reached skill level 1 in Throwing
  1312 | D:2      | Reached skill level 1 in Dodging
  1312 | D:2      | Reached skill level 1 in Stealth
  1312 | D:2      | Reached skill level 1 in Unarmed Combat
  1312 | D:2      | Reached skill level 1 in Spellcasting
  1312 | D:2      | Reached skill level 1 in Evocations
  1548 | D:2      | Reached ** piety under Sif Muna
  1575 | D:2      | Reached XP level 4. HP: 41/41 MP: 5/5
  1797 | D:2      | Reached skill level 1 in Conjurations
  1797 | D:2      | Reached skill level 1 in Hexes
  1797 | D:2      | Reached skill level 1 in Summonings
  1797 | D:2      | Reached skill level 1 in Necromancy
  1797 | D:2      | Reached skill level 1 in Translocations
  1797 | D:2      | Reached skill level 1 in Transmutations
  1797 | D:2      | Reached skill level 1 in Fire Magic
  1797 | D:2      | Reached skill level 1 in Ice Magic
  1797 | D:2      | Reached skill level 1 in Air Magic
  1797 | D:2      | Reached skill level 1 in Earth Magic
  1797 | D:2      | Reached skill level 1 in Poison Magic
  2061 | D:2      | Reached XP level 5. HP: 34/47 MP: 6/6
  2772 | D:3      | Reached *** piety under Sif Muna
  2852 | D:3      | Found a blossoming altar of Fedhas.
  3492 | D:3      | Learned a level 2 spell: Ensorcelled Hibernation
  3496 | D:3      | Learned a level 3 spell: Tukima's Dance
  3928 | D:4      | Reached XP level 6. HP: 52/53 MP: 8/8
  3981 | D:4      | Found a snail-covered altar of Cheibriados.
  4052 | D:4      | Found a sacrificial altar of Ru.
  4111 | D:4      | Reached **** piety under Sif Muna
  4112 | D:4      | Found a shimmering altar of Xom.
  4114 | D:4      | Found a hazy altar of Hepliaklqana.
  4114 | D:4      | Noticed a black bear
  4115 | D:4      | Noticed a spectral ugly thing
  4116 | D:4      | Identified the +2 tower shield of Inorph {Harm rPois Str-5}
  4249 | D:5      | Entered Level 5 of the Dungeon
  4280 | D:5      | Noticed a water moccasin
  4290 | D:5      | Killed a water moccasin
  4291 | D:5      | Reached skill level 5 in Short Blades
  4520 | D:5      | Reached XP level 7. HP: 36/59 MP: 10/10
  4760 | D:5      | Found a stormy altar of Qazlal.
  5018 | D:5      | Learned a level 3 spell: Mephitic Cloud
  5021 | D:5      | Learned a level 2 spell: Call Imp
  5059 | D:5      | Noticed a nameless horror
  5622 | D:6      | HP: 3/60 [poisoned by a water moccasin]
  5784 | D:6      | Reached XP level 8. HP: 29/67 MP: 12/12
  6200 | D:6      | Found a basalt altar of Yredelemnul.
  6254 | D:6      | Found a glowing golden altar of the Shining One.
  6333 | D:6      | Noticed Edmund
  6358 | D:6      | Killed Edmund
  6541 | D:6      | Found a bloodstained altar of Trog.
  6726 | D:6      | Noticed Maggie
  6745 | D:6      | Noticed Blork the orc
  6754 | D:6      | Killed Blork the orc
  7106 | D:7      | Found a staircase to the Ecumenical Temple.
  7149 | D:7      | HP: 3/60 [steam dragon/ball of steam (24)]
  8308 | D:7      | Reached XP level 9. HP: 68/72 MP: 14/14
 10157 | D:7      | Reached skill level 5 in Invocations
 10644 | D:8      | Reached XP level 10. HP: 59/80 MP: 17/17
 10793 | D:8      | Reached skill level 5 in Long Blades
 10793 | D:8      | Reached skill level 5 in Axes
 10793 | D:8      | Reached skill level 5 in Maces & Flails
 10793 | D:8      | Reached skill level 5 in Polearms
 10793 | D:8      | Reached skill level 5 in Staves
 10793 | D:8      | Reached skill level 5 in Slings
 10793 | D:8      | Reached skill level 5 in Bows
 10793 | D:8      | Reached skill level 5 in Crossbows
 10793 | D:8      | Reached skill level 5 in Throwing
 10793 | D:8      | Reached skill level 5 in Dodging
 10793 | D:8      | Reached skill level 5 in Stealth
 10793 | D:8      | Reached skill level 5 in Unarmed Combat
 10793 | D:8      | Reached skill level 5 in Spellcasting
 10793 | D:8      | Reached skill level 5 in Evocations
 10903 | D:8      | Found a staircase to the Lair.
 11072 | D:8      | Noticed PeterMcNeter's ghost (novice DjCj)
 11083 | D:8      | Noticed Nanban's ghost (novice DjFE)
 11083 | D:8      | Noticed MisterFreud's ghost (novice GnFi)
 11084 | D:8      | Found a runed translucent gate.
 11084 | D:8      | Found a runed translucent gate.
 11084 | D:8      | Found a runed translucent gate.
 11084 | D:8      | Noticed goblinbird's ghost (novice HuFi)
 11431 | D:9      | Found a burning altar of Makhleb.
 11431 | D:9      | Noticed Maurice
 11501 | D:9      | Killed Maurice
 11684 | D:9      | Noticed Psyche
 12635 | D:9      | You fall into a shaft and drop 2 floors!
 12635 | D:11     | Noticed a seven-headed hydra
 12686 | D:10     | Entered Level 10 of the Dungeon
 12686 | D:10     | Noticed a two-headed ogre
 12950 | D:9      | Reached XP level 11. HP: 87/87 MP: 13/19
 13245 | Lair:1   | Entered Level 1 of the Lair of Beasts
 13278 | Lair:1   | Reached ***** piety under Sif Muna
 13306 | D:8      | Reached skill level 5 in Conjurations
 13306 | D:8      | Reached skill level 5 in Hexes
 13306 | D:8      | Reached skill level 5 in Summonings
 13306 | D:8      | Reached skill level 5 in Necromancy
 13306 | D:8      | Reached skill level 5 in Translocations
 13306 | D:8      | Reached skill level 5 in Transmutations
 13306 | D:8      | Reached skill level 5 in Fire Magic
 13306 | D:8      | Reached skill level 5 in Ice Magic
 13306 | D:8      | Reached skill level 5 in Air Magic
 13306 | D:8      | Reached skill level 5 in Earth Magic
 13306 | D:8      | Reached skill level 5 in Poison Magic
 13695 | Lair:1   | Received a gift from Sif Muna
 13698 | Lair:1   | Got Sif Muna's Reference Book on Translocation and Unholy
                  | Arts {god gift}
 13701 | Lair:1   | Learned a level 1 spell: Apportation
 13704 | Lair:1   | Learned a level 2 spell: Blink
 13884 | Lair:1   | Noticed a five-headed hydra
 14187 | Lair:2   | HP: 3/89 [cane toad (21)]
 14188 | Lair:2   | Succumbed to a cane toad's poison

Illustrated notes

Levels and vault maps discovered:
D:1:      saegor_arrival_fortress, layout_basic,
          hellmonk_ecumenical_altar_zigzags, serial_shops, nicolae_square_shop
D:2:      layout_loops_ring, st_stairs_13, minmay_divided_ellipse
D:3:      minmay_angry_zag, layout_loops_corners,
          mainiacjoe_overflow_small_starburst
D:4:      layout_rooms, regret_index_temple_of_mockery,
          mainiacjoe_overflow_swirl
D:5:      layout_loops_ring, mainiacjoe_overflow_chevrons,
          gammafunk_ghost_cemetery, serial_shops, kennysheep_mini,
          minmay_misc_feat_alley, uniq_ijyb
D:6:      kennysheep_windowed_halls, layout_basic, mainiacjoe_overflow_brackets,
          mainiacjoe_overflow_concentric_impassable,
          mainiacjoe_overflow_alcove_2, uniq_maggie, uniq_crazy_yiuf_cottage,
          uniq_blork_the_orc, uniq_edmund
D:7:      minmay_razor_zed, layout_loops_ring,
          minmay_temple_entry_statues_pillars
D:8:      layout_loops_ring, minmay_lair_entry_grove, gammafunk_ghost_cemetery
D:9:      layout_roguey [special_room_bee], bloody_makhleb, uniq_psyche,
          uniq_maurice
D:10:     layout_irregular_city, nicolae_dithmenos_through_a_glass_darkly,
          david_orc_3, minmay_statue_crystal_thing
D:11:     layout_rooms
Lair:1:   layout_roguey, st_stairs_5, minmay_lair_oklob_items,
          lemuel_fruit_fields, grunt_megastairs_3
Lair:2:   layout_misc_corridors, serial_bayou_shore_a

Skill      XL: |  1  2  3  4  5  6  7  8  9 10 11 |
---------------+----------------------------------+-----
Invocations    | 1 2 3 4 5 6 |  6.9
Long Blades    | 1 2 3 4 5 6 |  6.3
Axes           | 1 2 3 4 5 6 |  6.3
Maces & Flails | 1 2 3 4 5 6 |  6.3
Polearms       | 1 2 3 4 5 6 |  6.3
Staves         | 1 2 3 4 5 6 |  6.3
Slings         | 1 2 3 4 5 6 |  6.3
Bows           | 1 2 3 4 5 6 |  6.3
Crossbows      | 1 2 3 4 5 6 |  6.3
Throwing       | 1 2 3 4 5 6 |  6.3
Dodging        | 1 2 3 4 5 6 |  6.3
Stealth        | 1 2 3 4 5 6 |  6.3
Unarmed Combat | 1 2 3 4 5 6 |  6.3
Spellcasting   | 1 2 3 4 5 6 |  6.3
Evocations     | 1 2 3 4 5 6 |  6.3
Conjurations   | 1 2 3 4 5 |  5.2
Hexes          | 1 2 3 4 5 |  5.2
Summonings     | 1 2 3 4 5 |  5.2
Necromancy     | 1 2 3 4 5 |  5.2
Translocations | 1 2 3 4 5 |  5.2
Transmutations | 1 2 3 4 5 |  5.2
Fire Magic     | 1 2 3 4 5 |  5.2
Ice Magic      | 1 2 3 4 5 |  5.2
Air Magic      | 1 2 3 4 5 |  5.2
Earth Magic    | 1 2 3 4 5 |  5.2
Poison Magic   | 1 2 3 4 5 |  5.2
Short Blades   | 5 6 7 |  7.9
Fighting       | 7 8 9 |  9.2
Armour         | 7 8 9 |  9.2
Shields        | 7 8 9 |  9.2

Action                   |  1- 3 |  4- 6 |  7- 9 | 10-12 || total
-------------------------+-------+-------+-------+-------++-------
Melee: Rapier            |   134 |   253 |   364 |       ||   751
       Bite              |    18 |    17 |    59 |    18 ||   112
       Short sword       |       |       |   133 |   125 ||   258
       Dagger            |       |       |    23 |   139 ||   162
       Unarmed           |       |       |       |     1 ||     1
Throw: Dart              |       |     4 |    22 |       ||    26
 Cast: Ensorcelled Hiber |       |       |    14 |    82 ||    96
       Call Imp          |       |       |       |     2 ||     2
Evoke: Wand              |       |       |     7 |     2 ||     9
  Use: Potion            |       |     1 |     4 |       ||     5
       Scroll            |       |       |    17 |     1 ||    18
 Stab: Invisible         |       |       |     1 |       ||     1
       Sleeping          |       |       |     4 |    38 ||    42
Armor: Scale mail        |    39 |    73 |   139 |       ||   251
       Steam dragon scal |       |       |    32 |    63 ||    95
       Skin              |       |       |       |    12 ||    12
Dodge: Dodged            |    29 |    60 |   159 |    91 ||   339
Block: Kite shield       |    57 |   105 |   299 |   152 ||   613
